 Dungeon Crawl Stone Soup version 0.29-a0-416-g83a48905f1 (webtiles) character file.

Game seed: 417238808276294028

492 bande the Charlatan (level 7, 0/54 (56) HPs)
             Began as a Gnoll Wanderer on May 17, 2022.
             Succumbed to an orc's poison
             ... on level 5 of the Dungeon.
             The game lasted 00:14:48 (7104 turns).

bande the Charlatan (Gnoll Wanderer)                Turns: 7104, Time: 00:14:48

HP:   0/54 (56)     AC: 15    Str: 14    XL:     7   Next: 14%
MP:   10/10         EV: 20    Int: 17    God:
Gold: 273           SH:  0    Dex: 11    Spells: 10/10 levels left

rFire   . . .      SeeInvis .   e - +0 long sword (vorpal)
rCold   . . .      Faith    .   (no shield)
rNeg    . . .      Spirit   .   B - +0 plate armour
rPois   .          Reflect  .   (no helmet)
rElec   +          Harm     .   (no cloak)
rCorr   .          Rampage  .   c - +1 pair of gloves
Will    .....                   (no boots)
Stlth   ..........              l - amulet "Nitery" {Acrobat rElec Regen+}
HPRegen 0.98/turn               p - +6 ring of intelligence
MPRegen 0.12/turn               (no ring)

@: lethally poisoned (0 -> -3), acrobatic, lightly drained
A: fangs 1, strong nose, distributed training, iridescent scales 1, wild magic
1, evolution 1
a: no special abilities


You were on level 5 of the Dungeon.
You visited 1 branch of the dungeon, and saw 5 of its levels.
You also visited: Sewer.

You collected 273 gold pieces.

Inventory:

Hand Weapons
 a - a +0 hand crossbow
 e - a +0 vorpal long sword (weapon)
 o - a +0 mace
Missiles
 s - a throwing net
Armour
 c - a +1 pair of gloves (worn)
 B - a +0 plate armour (worn)
Jewellery
 l - the amulet "Nitery" (around neck) {Acrobat rElec Regen+}
   (You acquired it on level 5 of the Dungeon)

   [amulet of the acrobat]

   It increases your evasion while moving and waiting.
   rElec:     It insulates you from electricity.
   Regen:     It increases your rate of health regeneration.
 p - a +6 ring of intelligence (left hand)
Wands
 b - a wand of iceblast (1) (quivered)
Scrolls
 d - a scroll of fog
 g - a scroll of magic mapping
 h - a scroll of vulnerability
 i - a scroll of amnesia
 r - 3 scrolls of teleportation
 w - a scroll of poison {unknown}
Potions
 f - a potion of heal wounds {unknown}
 j - a potion of brilliance {unknown}
 k - 2 potions of haste
 m - a potion of invisibility {unknown}
 n - a potion of degeneration {unknown}
 q - 4 potions of ambrosia
 t - 2 potions of magic
 u - a potion of mutation
 v - 2 potions of flight
 x - a potion of berserk rage {unknown}
 A - a potion of curing


   Skills:
 + Level 5.1 Fighting
 + Level 2.3 Short Blades
 + Level 2.3 Long Blades
 + Level 2.3 Axes
 + Level 2.3 Maces & Flails
 + Level 2.3 Polearms
 + Level 2.3 Staves
 + Level 2.3 Slings
 + Level 2.3 Bows
 + Level 3.5 Crossbows
 + Level 2.3 Throwing
 + Level 2.3 Armour
 + Level 7.0 Dodging
 + Level 3.3 Stealth
 + Level 2.3 Shields
 + Level 2.3 Unarmed Combat
 + Level 2.3 Spellcasting
 + Level 1.8 Conjurations
 + Level 1.8 Hexes
 + Level 1.8 Summonings
 + Level 1.8 Necromancy
 + Level 1.8 Translocations
 + Level 1.8 Transmutations
 + Level 1.8 Fire Magic
 + Level 1.8 Ice Magic
 + Level 1.8 Air Magic
 + Level 1.8 Earth Magic
 + Level 1.8 Poison Magic
 + Level 2.5 Invocations
 + Level 7.0 Evocations


You had 10 spell levels left.
You didn't know any spells.
Your spell library contained the following spells:

 Spells                   Type           Power      Damage    Failure   Level
 Confusing Touch          Hex            10%        N/A       100%        3
 Stone Arrow              Conj/Erth      20%        3d8       100%        3
 Animate Armour           Summ/Erth      20%        N/A       100%        4
 Yara's Violent Unravell  Hex/Tmut       5%         3d4       100%        5
 Enfeeble                 Hex            5%         N/A       100%        7
 Lehudib's Crystal Spear  Conj/Erth      5%         10d3      100%        8


Dungeon Overview and Level Annotations

Branches:
Dungeon (5/15)              Sewer (visited)
 Temple: D:4-7

Altars:
Cheibriados
Wu Jian
Yredelemnul


Innate Abilities, Weirdness & Mutations

You have very sharp teeth.
Your uncanny sense of smell can sniff out nearby items.
Your experience applies equally to all skills.
You are partially covered in iridescent scales. (AC +2)
Your spells are a little harder to cast, but a little more powerful.
You have hidden genetic potential.


Message History

The poisoned dart hits you!
You are more poisoned.
You closely miss the wight.
The wight is severely damaged.
You feel extremely sick. The wight hits you but does no damage.
A wight comes into view. It is wielding a +0 flail.
The wight hits you but does no damage.
Unknown command.
You barely miss the wight.
The wight is severely damaged.
You feel very sick.
The orc throws a poisoned dart.
The poisoned dart hits you!
You are more poisoned.
The adder closely misses you. The wight hits you but does no damage.
You hit the wight but do no damage.
The wight is severely damaged.
You feel extremely sick. The adder bites you but does no damage.
The wight hits you with a +0 war axe. The adder bites you but does no damage.
Unknown command.
Unknown command.
The wight attacks as you move away! The wight hits you with a +0 war axe.
You feel drained.
You feel very sick.
The orc throws a poisoned dart.
The poisoned dart hits you!
You are lethally poisoned!
The wight attacks as you move away! The wight closely misses you.
* * * LOW HITPOINT WARNING * * *
You feel very sick. The adder attacks as you move away!
The adder completely misses you.
* * * LOW HITPOINT WARNING * * *
You feel very sick. The adder bites you.
* * * LOW HITPOINT WARNING * * *
* * * LOW HITPOINT WARNING * * *
You feel very sick.
* * * LOW HITPOINT WARNING * * *
You feel sick.
You die...

# *,*#.z#**..##.* #
*,,,..###.....** #
****#..#...#**,* #
#.z...#,*,** #############
#.z..##,,**
............#######.#.#*,**
...###..........##o...#*,*
...# #.####.###.##S...#*,*
...###.####.<...@.....#*,*
#............##....####***
#.####.#####.##....#⌠,,,*
#.# #.# #.##....#*,,,* #.#
#.# #.........,_,* *,***#.#
#######.##..,* ,,,,,..#
#.#⌠,.,* *****### ###*****


You could see an adder.

Vanquished Creatures
  Pargi (Sewer)
  A black bear (D:4)
  2 hounds (D:5)
  An orc priest (D:4)
  A jelly (D:5)
  2 iguanas
  2 gnolls (D:1)
  3 adders
  A worm (D:4)
  4 dart slugs
  3 orcs (D:4)
  6 bats
  7 endoplasms
  4 giant cockroaches
  4 goblins
  4 hobgoblins
  6 jackals
  13 kobolds
  4 quokkas
  10 ball pythons
  5 frilled lizards
  3 rats
87 creatures vanquished.

Notes
Turn   | Place    | Note
-------+----------+-------------------------------------------
     0 | D:1      | bande the Gnoll Wanderer began the quest for the Orb.
     0 | D:1      | bande set off with the following items: a +0 hand crossbow,
                  | a wand of iceblast (3), a +0 pair of gloves, a scroll of
                  | fog, a +0 leather armour
     0 | D:1      | Reached XP level 1. HP: 20/20 MP: 1/1
    53 | D:1      | Reached XP level 2. HP: 10/26 MP: 2/2
   644 | D:1      | Reached XP level 3. HP: 31/31 MP: 3/3
   752 | D:1      | Found a faded altar of an unknown god.
   781 | D:1      | Reached skill level 1 in Invocations
  1753 | D:2      | Reached skill level 1 in Short Blades
  1753 | D:2      | Reached skill level 1 in Long Blades
  1753 | D:2      | Reached skill level 1 in Axes
  1753 | D:2      | Reached skill level 1 in Maces & Flails
  1753 | D:2      | Reached skill level 1 in Polearms
  1753 | D:2      | Reached skill level 1 in Staves
  1753 | D:2      | Reached skill level 1 in Slings
  1753 | D:2      | Reached skill level 1 in Bows
  1753 | D:2      | Reached skill level 1 in Throwing
  1753 | D:2      | Reached skill level 1 in Armour
  1753 | D:2      | Reached skill level 1 in Shields
  1753 | D:2      | Reached skill level 1 in Unarmed Combat
  1753 | D:2      | Reached skill level 1 in Spellcasting
  1947 | D:2      | You fall into a shaft and drop 2 floors!
  2090 | D:4      | Reached XP level 4. HP: 20/38 MP: 5/5
  2492 | D:3      | Found a large runed translucent door.
  2494 | D:3      | Found a large runed translucent door.
  3061 | D:3      | Found an ornate altar of the Wu Jian Council.
  3102 | D:3      | Reached skill level 1 in Conjurations
  3102 | D:3      | Reached skill level 1 in Hexes
  3102 | D:3      | Reached skill level 1 in Summonings
  3102 | D:3      | Reached skill level 1 in Necromancy
  3102 | D:3      | Reached skill level 1 in Translocations
  3102 | D:3      | Reached skill level 1 in Transmutations
  3102 | D:3      | Reached skill level 1 in Fire Magic
  3102 | D:3      | Reached skill level 1 in Ice Magic
  3102 | D:3      | Reached skill level 1 in Air Magic
  3102 | D:3      | Reached skill level 1 in Earth Magic
  3102 | D:3      | Reached skill level 1 in Poison Magic
  3484 | D:3      | Found a basalt altar of Yredelemnul.
  3491 | D:3      | Found a snail-covered altar of Cheibriados.
  3596 | D:4      | Noticed a black bear
  3609 | D:4      | Killed a black bear
  3610 | D:4      | Reached XP level 5. HP: 16/43 MP: 5/7
  4443 | D:4      | Reached XP level 6. HP: 46/50 MP: 8/8
  5882 | D:5      | Entered Level 5 of the Dungeon
  5939 | D:5      | Found a glowing drain.
  5942 | D:5      | Reached skill level 5 in Fighting
  5959 | Sewer    | Entered a sewer
  5974 | Sewer    | Noticed Pargi
  5995 | Sewer    | Killed Pargi
  6540 | D:5      | Identified a scroll of acquirement
  6540 | D:5      | Acquired the amulet "Nitery" {Acrobat rElec Regen+}
  6612 | D:5      | Gained mutation: You have hidden genetic potential. [potion
                  | of mutation]
  6612 | D:5      | Gained mutation: You are partially covered in iridescent
                  | scales. (AC +2) [potion of mutation]
  6612 | D:5      | Gained mutation: Your spells are a little harder to cast,
                  | but a little more powerful. [potion of mutation]
  6731 | D:5      | Reached XP level 7. HP: 56/56 MP: 10/10
  7102 | D:5      | HP: 2/54 [poisoned by an orc]
  7104 | D:5      | Succumbed to an orc's poison

Illustrated notes

Levels and vault maps discovered:
D:1:      nicolae_arrival_washed_ashore, layout_basic,
          ebering_ecumenical_altar_box, minmay_pentomino_q4
D:2:      layout_loops_ring, grunt_ministairs_14, serial_bayou_pond_e
D:3:      layout_loops_ring, mainiacjoe_overflow_concentric_impassable,
          jmf_multi_god_temple2
D:4:      layout_basic
D:5:      nicolae_BIG_FREAKIN_CUBE, layout_loops_ring,
          nicolae_dithmenos_shadow_blocks, mainiacjoe_overflow_alcove_2,
          cheibrodos_sewer_entry_drain

Skill      XL: |  1  2  3  4  5  6  7 |
---------------+----------------------+-----
Invocations    | 1 2 |  2.5
Short Blades   | 1 2 |  2.3
Long Blades    | 1 2 |  2.3
Axes           | 1 2 |  2.3
Maces & Flails | 1 2 |  2.3
Polearms       | 1 2 |  2.3
Staves         | 1 2 |  2.3
Slings         | 1 2 |  2.3
Bows           | 1 2 |  2.3
Throwing       | 1 2 |  2.3
Armour         | 1 2 |  2.3
Shields        | 1 2 |  2.3
Unarmed Combat | 1 2 |  2.3
Spellcasting   | 1 2 |  2.3
Conjurations   | 1 |  1.8
Hexes          | 1 |  1.8
Summonings     | 1 |  1.8
Necromancy     | 1 |  1.8
Translocations | 1 |  1.8
Transmutations | 1 |  1.8
Fire Magic     | 1 |  1.8
Ice Magic      | 1 |  1.8
Air Magic      | 1 |  1.8
Earth Magic    | 1 |  1.8
Poison Magic   | 1 |  1.8
Crossbows      | 3 |  3.5
Stealth        | 3 |  3.3
Fighting       | 5 |  5.1
Dodging        | 7 |  7.0
Evocations     | 7 |  7.0

Action                   |  1- 3 |  4- 6 |  7- 9 || total
-------------------------+-------+-------+-------++-------
Melee: Long sword        |       |    89 |     4 ||    93
       Bite              |       |    12 |       ||    12
       Punch             |       |     2 |       ||     2
 Fire: Hand crossbow     |   106 |   140 |    43 ||   289
Evoke: Wand              |     2 |       |       ||     2
  Use: Potion            |       |     4 |       ||     4
       Scroll            |       |    12 |     1 ||    13
Armor: Leather armour    |     3 |       |       ||     3
       Chain mail        |    11 |   171 |       ||   182
       Ring mail         |     1 |       |       ||     1
       Plate armour      |       |    49 |    61 ||   110
Dodge: Dodged            |    19 |   103 |    19 ||   141

Table legend: (Time is in decaauts)
 A = Elapsed time spent in this place.
 B = Non-inter-level travel time spent in this place.
 C = Inter-level travel time spent in this place.
 D = Time resting spent in this place.
 E = Time spent auto-exploring this place.
 F = Levels seen in this place.
 G = Mean time per level.
                   A        B        C        D        E       F      G
               +--------+--------+--------+--------+--------+-----+--------+
         Total |   7352 |   7255 |     97 |   2699 |   3269 |   6 | 1225.3 |
       Dungeon |   6765 |   6668 |     97 |   2401 |   3094 |   5 | 1353.0 |
         Sewer |    586 |    586 |      0 |    298 |    175 |   1 |  586.0 |
               +--------+--------+--------+--------+--------+-----+--------+

Top non-repeatable levels by time:
     D:4: 2469 daAuts
     D:1: 1542 daAuts
     D:3: 1318 daAuts
     D:5: 736 daAuts
     D:2: 697 daAuts
   Sewer: 586 daAuts
